 Dungeon Crawl Stone Soup version 0.27.1-34-g3ba077fa99 (webtiles) character file.

Game seed: 7001104916960018022

179 Delamore the Covert (level 5, -1/34 HPs)
             Began as an Octopode Brigand on Feb 1, 2022.
             Slain by a jackal (2 damage)
             ... on level 3 of the Dungeon.
             The game lasted 00:02:21 (1955 turns).

Delamore the Covert (Octopode Brigand)              Turns: 1955, Time: 00:02:22

Health: -1/34      AC:  1    Str: 11    XL:     5   Next: 59%
Magic:  5/5        EV: 12    Int: 13    God:
Gold:   134        SH:  0    Dex: 14    Spells: 4/4 levels left

rFire    . . .     SeeInvis .   a - +3 dagger
rCold    . . .     Faith    .   (no shield)
rNeg     . . .     Spirit   .   (helmet restricted)
rPois    +         Reflect  .   (no amulet)
rElec    .         Harm     .   i - ring of poison resistance
rCorr    .         Rampage  .   (no ring)
Will     .....                  (no ring)
Stlth    +++++.....             (no ring)
HPRegen  0.11/turn              (no ring)
MPRegen  0.09/turn              (no ring)
                                (no ring)
                                (no ring)

@: no status effects
A: almost no armour, amphibious, 8 rings, camouflage 1, gelatinous body 1,
(nimble swimmer 1), tentacles
a: no special abilities


You were on level 3 of the Dungeon.
You visited 1 branch of the dungeon, and saw 3 of its levels.

You collected 134 gold pieces.

Inventory:

Hand Weapons
 a - a +3 dagger (weapon)
Missiles
 b - 8 poisoned darts (quivered)
Jewellery
 i - a ring of poison resistance (left tentacle)
Wands
 c - a wand of flame (12)
Scrolls
 h - a scroll of immolation


   Skills:
 - Level 2.0 Fighting
 + Level 3.5 Short Blades
 - Level 2.0 Throwing
 - Level 1.0 Dodging
 * Level 8.2 Stealth


You had 4 spell levels left.
You didn't know any spells.
Your spell library contained the following spells:

 Spells                   Type           Power      Damage    Failure   Level
 Summon Small Mammal      Summ           0%         N/A       30%         1
 Call Canine Familiar     Summ           0%         N/A       67%         3
 Gell's Gravitas          Tloc           0%         N/A       67%         3
 Lesser Beckoning         Tloc           0%         N/A       67%         3
 Summon Guardian Golem    Hex/Summ       0%         N/A       67%         3
 Teleport Other           Tloc           0%         N/A       67%         3


Dungeon Overview and Level Annotations

Branches:
Dungeon (3/15)

Altars:


Innate Abilities, Weirdness & Mutations

You cannot wear most types of armour.
You are amphibious.
You can wear up to eight rings at the same time.
Your skin changes colour to match your surroundings (Stealth+).
Your rubbery body absorbs attacks. (AC +1, EV +1)
((You are camouflaged near water. (Stealth+)))
You have tentacles for arms and can constrict up to eight enemies at once.


Message History

The sling bullet hits you but does no damage.
You hit the jackal.
The jackal is heavily wounded.
The jackal bites you but does no damage. x2
You hit the jackal but do no damage.
The jackal is heavily wounded.
The jackal barely misses you. x2
You closely miss the jackal.
The jackal is heavily wounded.
The jackal bites you but does no damage. x3
You puncture the jackal!
You kill the jackal!
You feel less wooden. The jackal barely misses you. The jackal bites you.
* * * LOW HITPOINT WARNING * * *
The jackal closely misses you.
Items here: ( )) †††.
The jackal bites you.
* * * LOW HITPOINT WARNING * * *
The jackal bites you.
* * * LOW HITPOINT WARNING * * *
You aren't carrying any potions.
Throw: 2 darts (curare)
Press: ? - help, Q - select action, (/) - cycle Shift-Dir - straight line, f - jackal
Aim: a jackal (53% to hit)
You throw a curare-tipped dart.
The curare-tipped dart closely misses the jackal.
The curare-tipped dart hits the goblin.
The goblin is poisoned.
The goblin convulses.
You kill the goblin!
The jackal bites you.
* * * LOW HITPOINT WARNING * * *
Throw: dart (curare)
Press: ? - help, Q - select action, (/) - cycle Shift-Dir - straight line, f/p - jackal
Aim: a jackal (53% to hit)
You throw a curare-tipped dart.
The curare-tipped dart barely misses the jackal.
The jackal bites you.
You die...

########........#
.......'........# ##
########........# #.
####+#### #............# #.
#≈≈≈g≈≈≈# #....######..# #.
#.≈≈≈≈≈≈###....#######.###.
#..≈....#................'.
#.......###....########.##.
#.......#.@....# #.##.
##.......#h###### #.##.
.......).((# #.##.
.########### #.##. #.###
#.. ##.


You could see a jackal.

Vanquished Creatures
  Crazy Yiuf (D:2)
  Natasha (thrice) (D:2)
  3 adders
  A worm (D:2)
  4 ball pythons
  5 endoplasms
  2 giant cockroaches
  5 hobgoblins
  4 jackals
  2 kobolds (D:3)
  A quokka (D:3)
  5 bats
  2 frilled lizards (D:2)
  8 goblins
  3 rats
49 creatures vanquished.

Notes
Turn   | Place    | Note
-------+----------+-------------------------------------------
     0 | D:1      | Delamore the Octopode Brigand began the quest for the Orb.
     0 | D:1      | Reached XP level 1. HP: 14/14 MP: 1/1
   232 | D:1      | Found a faded altar of an unknown god.
   262 | D:1      | Reached XP level 2. HP: 19/19 MP: 2/2
   645 | D:2      | Reached skill level 6 in Stealth
   723 | D:2      | Reached XP level 3. HP: 24/24 MP: 3/3
  1001 | D:2      | Noticed Natasha
  1008 | D:2      | Killed Natasha
  1196 | D:2      | Reached XP level 4. HP: 29/29 MP: 4/4
  1245 | D:2      | Reached skill level 7 in Stealth
  1474 | D:2      | Noticed Natasha
  1484 | D:2      | Killed Natasha
  1528 | D:2      | Noticed Natasha
  1533 | D:2      | Killed Natasha
  1534 | D:2      | Reached XP level 5. HP: 19/34 MP: 5/5
  1709 | D:2      | Found a runed translucent door.
  1710 | D:2      | Noticed Crazy Yiuf
  1717 | D:2      | Killed Crazy Yiuf
  1718 | D:2      | Reached skill level 8 in Stealth
  1954 | D:3      | HP: 1/34 [jackal (1)]
  1955 | D:3      | Slain by a jackal

Illustrated notes

Levels and vault maps discovered:
D:1:      amcnicky_arrival_choice, layout_basic, basic_ecumenical_altar,
          ebering_dispersal_statue_hall
D:2:      layout_loops_ring, uniq_natasha, uniq_crazy_yiuf_cottage
D:3:      minmay_bubble_buster, layout_basic, st_stairs_5, minmay_goblin_outpost

Skill      XL: |  1  2  3  4  5 |
---------------+----------------+-----
Stealth        | 6 7 8 |  8.2
Short Blades   | 3 |  3.5
Fighting       | |  2.0
Throwing       | |  2.0
Dodging        | |  1.0

Action                   |  1- 3 |  4- 6 || total
-------------------------+-------+-------++-------
Melee: Dagger            |    40 |    68 ||   108
       Constrict         |     8 |     5 ||    13
       Tentacles         |     4 |     5 ||     9
Throw: Dart              |     3 |     9 ||    12
  Use: Potion            |       |     3 ||     3
       Scroll            |       |     2 ||     2
 Stab: Sleeping          |    12 |     7 ||    19
Armor: Skin              |     4 |    48 ||    52
Dodge: Dodged            |    23 |    18 ||    41
